 Dungeon Crawl Stone Soup version 0.27-a0-156-gbcd94eb011 (webtiles) character file.

Game seed: 1402252658491028859

139 Morgoth the Sneak (level 4, -6/37 HPs)
             Began as a Demigod Delver on Jan 27, 2021.
             Killed from afar by an orc wizard (9 damage)
             ... with a magic dart
             ... on level 4 of the Dungeon on Jan 28, 2021.
             The game lasted 00:14:41 (4369 turns).

Morgoth the Sneak (Demigod Delver)                  Turns: 4369, Time: 00:14:41

Health: -6/37      AC:  6    Str: 17    XL:     4   Next: 70%
Magic:  6/6        EV:  8    Int: 14    God:
Gold:   142        SH:  8    Dex: 17    Spells: 3/3 levels left

rFire    . . .     SeeInvis .   a - +0 falchion
rCold    . . .     Faith    .   r - +0 kite shield
rNeg     . . .     Spirit   .   d - +0 ring mail
rPois    .         Reflect  .   (no helmet)
rElec    .         Harm     .   (no cloak)
rCorr    .         Rampage  .   (no gloves)
Will     .....                  h - +0 pair of boots
Stlth    ++........             (no amulet)
HPRegen  0.12/turn              (no ring)
MPRegen  0.10/turn              (no ring)

@: no status effects
A: high mp 1
a: no special abilities


You were on level 4 of the Dungeon.
You visited 1 branch of the dungeon, and saw 6 of its levels.

You collected 142 gold pieces.

Inventory:

Hand Weapons
 a - a +0 falchion (weapon)
 b - a +0 long sword
Missiles
 e - 30 arrows
 l - 2 atropa-tipped darts (quivered)
Armour
 d - a +0 ring mail (worn)
 h - a +0 pair of boots (worn)
 r - a +0 kite shield (worn)
Jewellery
 p - an uncursed ring of see invisible {unknown}
Wands
 g - a wand of digging (3)
Scrolls
 c - a scroll of fog
 i - 3 scrolls of magic mapping
 k - 2 scrolls of remove curse
 m - a scroll of teleportation {unknown}
 n - a scroll of blinking {unknown}
 q - a scroll of noise
 s - a scroll of identify {unknown}
Potions
 f - a potion of haste
 j - a potion of heal wounds {unknown}
 o - 2 potions of curing


   Skills:
 - Level 2.6 Fighting
 * Level 4.3 Long Blades
 - Level 1.7 Dodging
 - Level 4.5 Stealth
 + Level 1.5 Shields


You had 3 spell levels left.
You didn't know any spells.
Your spell library was empty.

Dungeon Overview and Level Annotations

Branches:
Dungeon (6/15)             Temple (0/1) D:5

Annotations:
D:1 Terence
D:2 1 runed translucent door, Crazy Yiuf


Innate Abilities, Weirdness & Mutations

You have an increased reservoir of magic. (+10% MP)


Message History

The orc wizard is severely wounded.
You feel better. You block the orc wizard's attack.
You barely miss the orc wizard.
The orc wizard is severely wounded.
You block the orc wizard's attack. The orc wizard barely misses you.
You hit the orc wizard.
The orc wizard is almost dead.
The orc wizard hits you with a +0 dagger.
* * * LOW HITPOINT WARNING * * *
You block the orc wizard's attack.
You hit the orc wizard but do no damage.
The orc wizard is almost dead.
The orc wizard hits you with a +0 dagger.
* * * LOW HITPOINT WARNING * * *
The orc wizard gestures at you while chanting.
The magic dart hits you.
* * * LOW HITPOINT WARNING * * *
The orc wizard casts a spell at you. The magic dart hits you!
You die...

.... .# ..... #
.......
#####.#. ....
#############
##...#........
##.........####
#......@.......
#.....o.....###
#...>.......#
##.........##
##...#...##
#########


You could see an orc wizard (fast).

Vanquished Creatures
  2 orc priests (D:3)
  An adder (D:2)
  An ooze (D:2)
  4 worms (D:2)
  2 dart slugs
  3 leopard geckos
  3 orcs (D:3)
  A ball python (D:2)
  A giant cockroach (D:2)
  7 goblins
  2 hobgoblins
  4 jackals
  A bat (D:2)
  3 frilled lizards
  5 kobolds
  6 rats
46 creatures vanquished.

Vanquished Creatures (others)
  2 fungi (D:2)
2 creatures vanquished.

Grand Total: 48 creatures vanquished

Notes
Turn   | Place    | Note
-------+----------+-------------------------------------------
     0 | D:5      | Morgoth the Demigod Delver began the quest for the Orb.
     0 | D:5      | Reached XP level 1. HP: 18/18 MP: 3/3
    20 | D:6      | Noticed a worker ant
    27 | D:5      | Noticed a worker ant
    88 | D:4      | Noticed a phantom
   258 | D:3      | Noticed an orc priest
   709 | D:2      | Noticed an ogre
   717 | D:2      | Reached XP level 2. HP: 25/25 MP: 4/4
  1577 | D:2      | Reached XP level 3. HP: 8/30 MP: 5/5
  2263 | D:2      | Noticed Terence
  3866 | D:2      | Found a radiant altar of Vehumet.
  3866 | D:2      | Found a glowing golden altar of the Shining One.
  3925 | D:2      | Found a runed translucent door.
  3926 | D:2      | Noticed Crazy Yiuf
  4121 | D:3      | Reached skill level 1 in Shields
  4121 | D:3      | Reached XP level 4. HP: 36/37 MP: 6/6
  4129 | D:3      | Found a bloodstained altar of Trog.
  4369 | D:4      | Killed from afar by an orc wizard

Illustrated notes

Levels and vault maps discovered:
D:1:      heliophobic_arrival_battle_scene, layout_loops_ring,
          minmay_split_cup_small
D:2:      layout_loops_ring, gammafunk_temple_overflow_elements, uniq_terence,
          uniq_crazy_yiuf_cottage
D:3:      layout_basic, lemuel_doored_altar, nicolae_ru_awakened_eye,
          chequers_ecumenical_altar_island, hangedman_decor_slide_cut
D:4:      layout_rooms
D:5:      layout_basic, minmay_temple_entry_slanted, serial_park_tiny_1,
          minmay_between
D:6:      layout_loops_ring

Skill      XL: |  1  2  3 |
---------------+----------+-----
Long Blades    | 2 3 4 |  4.3
Shields        | 1 |  1.5
Fighting       | |  2.6
Dodging        | |  1.7
Stealth        | |  4.5

Action                   |  1- 3 |  4- 6 || total
-------------------------+-------+-------++-------
Melee: Falchion          |   176 |    27 ||   203
Throw: Dart              |    10 |       ||    10
  Use: Scroll            |     5 |       ||     5
       Potion            |     1 |     2 ||     3
 Stab: Sleeping          |     7 |       ||     7
       Invisible         |     2 |       ||     2
       Distracted        |       |     1 ||     1
Armor: Ring mail         |    53 |    14 ||    67
Dodge: Dodged            |    67 |    11 ||    78
Block: Kite shield       |    44 |    13 ||    57
       Rpst.: Falchion   |    24 |     2 ||    26

Table legend: (Time is in decaauts)
 A = Elapsed time spent in this place.
 B = Non-inter-level travel time spent in this place.
 C = Inter-level travel time spent in this place.
 D = Time resting spent in this place.
 E = Time spent auto-exploring this place.
 F = Levels seen in this place.
 G = Mean time per level.
                   A        B        C        D        E       F      G
               +--------+--------+--------+--------+--------+-----+--------+
         Total |   4457 |   4308 |    149 |   1689 |   1282 |   6 |  742.8 |
       Dungeon |   4457 |   4308 |    149 |   1689 |   1282 |   6 |  742.8 |
               +--------+--------+--------+--------+--------+-----+--------+

Top non-repeatable levels by time:
     D:2: 2007 daAuts
     D:1: 1601 daAuts
     D:3: 422 daAuts
     D:4: 222 daAuts
     D:5: 185 daAuts
     D:6: 20 daAuts
